 Dungeon Crawl Stone Soup version 0.28-a0-384-g9e0c098162 (webtiles) character file.

Game seed: 11008778299770067097

155 SolCadguy the Chopper (level 5, -5/40 HPs)
             Began as a Palentonga Warper on Sept 2, 2021.
             Killed from afar by Ijyb (15 damage)
             ... with an iceblast
             ... on level 3 of the Dungeon on Sept 3, 2021.
             The game lasted 00:07:43 (2942 turns).

SolCadguy the Chopper (Palentonga Warper)           Turns: 2942, Time: 00:07:43

Health: -5/40      AC:  4    Str: 15    XL:     5   Next: 14%
Magic:  8/8        EV: 13    Int: 14    God:
Gold:   150        SH:  0    Dex:  9    Spells: 6/8 levels left

rFire   . . .      SeeInvis +   a - +0 hand axe
rCold   . . .      Faith    .   (no shield)
rNeg    . . .      Spirit   .   b - +0 leather armour
rPois   .          Reflect  .   (no helmet)
rElec   .          Harm     .   (no cloak)
rCorr   .          Rampage  .   (no gloves)
Will    .....                   (no barding)
Stlth   +.........              (no amulet)
HPRegen 0.13/turn               i - +4 ring of evasion
MPRegen 0.11/turn               (no ring)

@: no status effects
A: large, rugged brown scales 3, see invisible, deformed body, roll 1, armoured
tail
a: Rolling Charge


You were on level 3 of the Dungeon.
You visited 1 branch of the dungeon, and saw 3 of its levels.

You collected 150 gold pieces.

Inventory:

Hand Weapons
 a - a +0 hand axe (weapon)
Missiles
 d - a boomerang of dispersal
 k - 40 stones (quivered)
Armour
 b - a +0 leather armour (worn)
 g - a +0 kite shield
Jewellery
 e - a ring of ice
 i - a +4 ring of evasion (left hand)
Scrolls
 c - a scroll of blinking
 h - a scroll of torment
 m - a scroll of immolation {unknown}


   Skills:
 - Level 2.0 Fighting
 + Level 5.2 Axes
 - Level 0.6 Throwing
 - Level 0.7 Armour
 - Level 1.6 Dodging
 - Level 2.0 Spellcasting
 - Level 3.2 Translocations


You had 6 spell levels left.
You knew the following spells:

 Your Spells              Type           Power      Damage    Failure   Level
a - Blink                 Tloc           N/A        N/A       12%         2

Your spell library contained the following spells:

 Spells                   Type           Power      Damage    Failure   Level
 Gell's Gravitas          Tloc           5%         N/A       24%         3
 Lesser Beckoning         Tloc           10%        N/A       24%         3
 Teleport Other           Tloc           10%        N/A       24%         3
 Static Discharge         Conj/Air       1%         N/A       41%         2
 Manifold Assault         Tloc           10%        N/A       91%         5
 Airstrike                Air            0%         N/A       96%         4
 Summon Lightning Spire   Summ/Air       1%         N/A       96%         4
 Lightning Bolt           Conj/Air       0%         1d11      100%        5
 Maxwell's Capacitive Co  Air            0%         ∞         100%        8


Dungeon Overview and Level Annotations

Branches:
Dungeon (3/15)

Altars:

Shops:
D:1 (   D:3 ==(

Annotations:
D:2 Sigmund
D:3 Ijyb


Innate Abilities, Weirdness & Mutations

You are completely covered in rugged brown scales. (AC +3, +7% HP)
You have supernaturally acute eyesight. (SInv)
Armour fits poorly on your strangely shaped body.
You can roll at nearby foes to attack.
You have a long armoured tail.


Message History

Press: ? - help, Dir - move target, f - orc priest
Aim: an orc priest, wielding a +0 flail You roll forward with a clatter of scales!
You hit the orc priest but do no damage.
You hear a shout!
The orc priest closely misses you.
You are too injured to fight recklessly!
You hit the orc priest.
The orc priest is moderately wounded.
The orc priest misses you.
It was a potion of heal wounds.
You feel much better.
The orc priest hits you with a +0 flail!
You slash the orc priest!
The orc priest is severely wounded.
The orc priest hits you with a +0 flail.
You hit the orc priest.
The orc priest is almost dead.
The orc priest hits you with a +0 flail.
You hit the orc priest.
You kill the orc priest!
Your Axes skill increases to level 5!
You have reached level 5!
Sigmund points at you and mumbles some strange words.
You are confused.
There is a stone staircase leading down here.
You climb downwards.
Level annotation: Ijyb
There is a stone staircase leading up here.
You start resting.
Ijyb is nearby!
You aren't carrying any potions.
You are too confused!
Ijyb is nearby!
You bump into the rock wall.
Ijyb zaps a wand.
The mass of ice explodes!
The iceblast engulfs you!
* * * LOW HITPOINT WARNING * * *
You bump into the rock wall.
You feel less confused.
Ijyb zaps a wand.
The mass of ice explodes!
The iceblast engulfs you!
You die...

#....(.......#...........#
#....
#........###.#...........#
#.... ##..........#
#.............+....
.'g.......#.#
#########+#####....
##..........# ........#
###..#+#.############
#.#####.# #..#.......<.......
.... # #
#....#.###.###########.# #
#.##.#g#....<@.........# #
#.##.#.#.#.#.#.####....# ♣
..##.#.#.....#......##.#######
#.#.#...#.#.###...#........
#.#.#..##g#.###+#.#########
#.#.#.....#.#.'∩'.#
#.##.####...#'###
#..........##..#
#.####.#####.###.#


You could see Ijyb.

Vanquished Creatures
  An orc priest (D:2)
  Jessica (D:3)
  An orc wizard (D:1)
  2 adders
  3 dart slugs (D:1)
  An orc (D:1)
  10 bats
  7 endoplasms
  2 giant cockroaches
  3 goblins (D:1)
  A hobgoblin (D:1)
  4 jackals (D:1)
  A quokka (D:1)
  3 ball pythons
  7 frilled lizards
  4 kobolds
  2 rats
53 creatures vanquished.

Vanquished Creatures (others)
  6 plants (D:1)
6 creatures vanquished.

Grand Total: 59 creatures vanquished

Notes
Turn   | Place    | Note
-------+----------+-------------------------------------------
     0 | D:1      | SolCadguy the Palentonga Warper began the quest for the
                  | Orb.
     0 | D:1      | Reached XP level 1. HP: 17/17 MP: 3/3
   228 | D:1      | Reached XP level 2. HP: 11/23 MP: 5/5
   534 | D:1      | Reached skill level 3 in Axes
   579 | D:1      | Learned a level 2 spell: Blink
   661 | D:1      | Reached XP level 3. HP: 23/28 MP: 6/6
  1002 | D:1      | Found Toethah's Weapon Shop.
  1735 | D:1      | Reached skill level 4 in Axes
  1735 | D:1      | Reached XP level 4. HP: 7/35 MP: 3/7
  2189 | D:2      | Noticed Sigmund
  2370 | D:3      | Found Jiq Lebb's Jewellery Boutique.
  2447 | D:3      | Noticed Jessica
  2457 | D:3      | Killed Jessica
  2713 | D:3      | Found Wadghish's Weapon Boutique.
  2738 | D:3      | Found Zynivoy's Jewellery Shoppe.
  2804 | D:3      | Noticed Ijyb
  2935 | D:2      | Reached skill level 5 in Axes
  2935 | D:2      | Reached XP level 5. HP: 18/40 MP: 8/8
  2942 | D:3      | Killed from afar by Ijyb

Illustrated notes

Levels and vault maps discovered:
D:1:      lightli_arrival_maybe_door_vault, layout_loops_cross, serial_shops,
          nicolae_diamond_shop, serial_bayou, serial_bayou_crossing,
          serial_bayou_lagoon_b, serial_bayou_pond_e, serial_bayou_pond_d
D:2:      layout_rooms, chequers_ecumenical_altar_lobes, serial_park_tiny_1,
          uniq_sigmund, uniq_crazy_yiuf_cottage
D:3:      layout_basic, serial_shops, nicolae_shop_trees, nicolae_shop_trees,
          shop_fountains, nicolae_shop_behind_doors, uniq_ijyb, uniq_jessica

Skill      XL: |  1  2  3  4 |
---------------+-------------+-----
Axes           | 3 4 5 |  5.2
Fighting       | |  2.0
Throwing       | |  0.6
Armour         | |  0.7
Dodging        | |  1.6
Spellcasting   | |  2.0
Translocations | |  3.2

Action                   |  1- 3 |  4- 6 || total
-------------------------+-------+-------++-------
Melee: Hand axe          |   111 |    50 ||   161
       Tailslap          |    10 |     6 ||    16
Throw: Stone             |     1 |     3 ||     4
       Boomerang         |       |     4 ||     4
 Cast: Blink             |     2 |     7 ||     9
 Abil: Rolling Charge    |    15 |    17 ||    32
  Use: Potion            |     1 |     3 ||     4
       Scroll            |       |     2 ||     2
Armor: Leather armour    |    38 |    10 ||    48
Dodge: Dodged            |    76 |    37 ||   113

Table legend: (Time is in decaauts)
 A = Elapsed time spent in this place.
 B = Non-inter-level travel time spent in this place.
 C = Inter-level travel time spent in this place.
 D = Time resting spent in this place.
 E = Time spent auto-exploring this place.
 F = Levels seen in this place.
 G = Mean time per level.
                   A        B        C        D        E       F      G
               +--------+--------+--------+--------+--------+-----+--------+
         Total |   3005 |   2876 |    129 |   1083 |   1315 |   3 | 1001.7 |
       Dungeon |   3005 |   2876 |    129 |   1083 |   1315 |   3 | 1001.7 |
               +--------+--------+--------+--------+--------+-----+--------+

Top non-repeatable levels by time:
     D:1: 2012 daAuts
     D:3: 676 daAuts
     D:2: 316 daAuts
